 Dungeon Crawl Stone Soup version 0.25-a0-1136-gc1285e62ab (webtiles) character file.

Game seed: 3130011730257811745, levelgen mode: deterministic

7152 Gynju the Thaumaturge (level 11, 0/67 HPs)
             Began as a Gargoyle Earth Elementalist on May 23, 2020.
             Was a Believer of Sif Muna.
             Slain by a killer bee (9 damage)
             ... on level 1 of the Lair of Beasts.
             The game lasted 00:24:01 (12618 turns).

Gynju the Thaumaturge (GrEE)                       Turns: 12618, Time: 00:24:02

Health: 0/67       AC: 14    Str: 11    XL:     11   Next: 10%
Magic:  24/24      EV: 15    Int: 18    God:    Sif Muna [**....]
Gold:   588        SH:  0    Dex: 10    Spells: 11/29 levels left

rFire    . . .     SeeInvis .   b - +6 quarterstaff "Nomubif" {drain, rC+++ MR- Int-2 Stlth+}
rCold    + + +     Gourm    .   (shield currently unavailable)
rNeg     + . .     Faith    .   s - +1 robe {MR+}
rPois    ∞         Spirit   .   j - +1 helmet
rElec    +         Reflect  .   p - +0 cloak
rCorr    +         Harm     .   (no gloves)
MR       .....                  (no boots)
Stlth    +++.......             (no amulet)
HPRegen  0.21/turn              k - ring of resist corrosion
MPRegen  0.19/turn              (no ring)

@: no status effects
A: negative energy resistance 1, electricity resistance, unbreathing,
petrification resistance, rot immunity, AC +8
a: Channel Magic, Renounce Religion


You were on level 1 of the Lair of Beasts.
You worshipped Sif Muna.
Sif Muna was pleased with you.
You were hungry.

You visited 3 branches of the dungeon, and saw 11 of its levels.
You also visited: Sewer.

You collected 588 gold pieces.

Inventory:

Hand Weapons
 b - the +6 quarterstaff "Nomubif" (weapon) {drain, rC+++ MR- Int-2 Stlth+}
   (You found it on level 4 of the Dungeon)

   A truly terrible weapon, it drains the life of those it strikes.
   It affects your intelligence (-2).
   It renders you almost immune to cold.
   It affects your resistance to hostile enchantments.
   It makes you more stealthy.
 n - a +1 trident
Missiles
 h - 203 stones
 y - 19 poisoned darts (quivered)
Armour
 j - a +1 helmet (worn)
 p - a +0 cloak (worn)
 s - a +1 robe of magic resistance (worn)
 D - a +2 robe of positive energy
Magical Staves
 a - an uncursed staff of energy
Jewellery
 k - a ring of resist corrosion (left hand)
 B - an uncursed amulet of reflection {unknown}
Wands
 c - a wand of iceblast (7)
 r - a wand of random effects (16)
 C - a wand of enslavement (2)
Scrolls
 e - 4 scrolls of magic mapping
 f - 6 scrolls of teleportation
 g - 2 scrolls of enchant weapon
 i - 6 scrolls of identify {@r1}
 m - 2 scrolls of remove curse {@r2}
 q - 3 scrolls of fog
 E - a scroll of immolation {unknown}
Potions
 l - a potion of cancellation
 o - 2 potions of lignification
 t - 4 potions of heal wounds
 u - 2 potions of brilliance
 v - 3 potions of curing {@q1}
 w - 3 potions of flight
 x - a potion of might
 z - a potion of stabbing {unknown}
 A - a potion of resistance {unknown}
 F - a potion of ambrosia {unknown}
Comestibles
 d - 24 rations


   Skills:
 - Level 7.0 Fighting
 + Level 6.7 Dodging
 - Level 2.1 Stealth
 + Level 9.9 Spellcasting
 - Level 7.0 Conjurations
 + Level 1.0 Transmutations
 - Level 7.0 Earth Magic


You had 11 spell levels left.
You knew the following spells:

 Your Spells              Type           Power        Failure   Level  Hunger
a - Sandblast             Erth           ####..       1%          1    None
b - Stone Arrow           Conj/Erth      ####..       1%          3    None
c - Passwall              Tmut/Erth      ###.....     2%          2    None
d - Conjure Flame         Conj/Fire      ###.....     6%          3    None
e - Lee's Rapid Deconstr  Erth           ####......   13%         5    #####..
f - Petrify               Tmut/Erth      ###.....     16%         4    ###....

Your spell library contained the following spells:

 Spells                   Type           Power        Failure   Level  Hunger
 Magic Dart               Conj           ####         1%          1    None
 Sting                    Tmut/Pois      ##..         6%          1    None
 Mephitic Cloud           Conj/Pois/Air  ###.....     10%         3    None
 Blink                    Tloc           N/A          12%         2    None
 Call Imp                 Summ           #.......     12%         2    None
 Poisonous Vapours        Pois/Air       #.....       12%         2    None
 Slow                     Hex            #.......     12%         2    None
 Ignite Poison            Fire/Tmut/Pois ##......     21%         3    None
 Confusing Touch          Hex            #.......     24%         3    None
 Gell's Gravitas          Tloc           #.........   24%         3    None
 Olgreb's Toxic Radiance  Pois           #.......     63%         4    ###....
 Yara's Violent Unravell  Hex/Tmut       ##........   87%         5    #####..
 Metabolic Englaciation   Hex/Ice        #.........   92%         5    #####..


Dungeon Overview and Level Annotations

Branches:
Dungeon (9/15)             Temple (1/1) D:4            Lair (1/6) D:9
    Orc (0/2) D:9           Sewer (visited)

Altars:
Ashenzari
Cheibriados
Dithmenos
Elyvilon
Fedhas
Gozag
Hepliaklqana
Kikubaaqudgha
Makhleb
Nemelex Xobeh
Okawaru
Qazlal
Ru
Sif Muna
Trog
Uskayaw
Vehumet
Wu Jian
Xom
Yredelemnul
Zin
The Shining One


Innate Abilities, Weirdness & Mutations

You are resistant to torment.
Your stone body is resilient. (AC +8)
You are immune to poison.
You resist negative energy. (rN+)
You are resistant to electric shocks. (rElec)
You can survive without breathing.
You are immune to petrification.
You are immune to rotting.


Message History

The killer bee goes berserk!
The queen bee calls on the killer bee to defend it!
The killer bee goes berserk!
The killer bee stings you but does no damage.
The killer bee stings you.
* * * LOW HITPOINT WARNING * * *
The killer bee stings you.
* * * LOW HITPOINT WARNING * * *
The killer bee stings you but does no damage. x2
The killer bee rages.
The killer bee barely misses you. The killer bee completely misses you.
The queen bee calls on the killer bee to defend it!
The killer bee goes berserk!
The killer bee stings you.
* * * LOW HITPOINT WARNING * * *
The killer bee rages.
The killer bee completely misses you. x2
The killer bee rages.
The killer bee closely misses you. The killer bee misses you. x2
The killer bee misses you. The killer bee stings you!
You die...

....# ##.................# #
....######..............#...####
.†...##........................#
.###......P....y..##......#..###
.# ###..........######..####.##
## #..........# #....# ##.# .#
##.......y.## ##...# #.## .#
#........yy###....# #..## .##
##...#...yy@.......### ##..#
..####........##....#.....#####..
#..##.........##...#....<.......#
#.............#...#...##.#######.
#.....................##.## #.
#...................#.#...# ##
#...............#.....##.##
.....##.#..##..##...#.....#
...#.#####.##..###.##PP...#


You could see a queen bee and 5 killer bees.

Vanquished Creatures
  Pikel (D:7)
  A hornet (D:9)
  3 hippogriffs (D:7)
  4 yaks (D:9)
  A basilisk (Lair:1)
  A steam dragon (D:9)
  4 porcupines (D:9)
  2 slaves
  3 ice beasts
  6 orc warriors
  4 sky beasts
  2 black bears (D:9)
  An eye of draining (D:8)
  3 ogres
  A centaur (D:8)
  4 phantoms
  A crocodile (D:9)
  5 big kobolds
  4 bullfrogs
  6 scorpions
  A killer bee (Lair:1)
  A howler monkey (D:4)
  2 bullfrog zombies
  2 crimson imps
  2 bullfrog skeletons
  3 jellies
  9 orc priests
  6 hounds
  11 orc wizards
  5 worker ants
  3 iguanas
  2 hound skeletons
  14 adders
  2 shadow imps
  An ooze (D:1)
  An adder zombie (D:6)
  An adder skeleton (D:9)
  3 worms
  3 dart slugs
  8 leopard geckos
  34 orcs
  2 ball pythons
  5 giant cockroaches
  8 goblins
  4 hobgoblins
  3 jackals (D:8)
  2 quokkas
  6 bats
  5 frilled lizards
  19 kobolds
  A leopard gecko skeleton (D:5)
  A quokka skeleton (D:5)
  A quokka zombie (D:5)
  9 rats
237 creatures vanquished.

Vanquished Creatures (others)
  8 fungi (D:9)
  3 plants
11 creatures vanquished.

Grand Total: 248 creatures vanquished

Notes
Turn   | Place    | Note
-------+----------+-------------------------------------------
     0 | D:1      | Gynju the Gargoyle Earth Elementalist began the quest for
                  | the Orb.
     0 | D:1      | Reached XP level 1. HP: 10/10 MP: 3/3
   183 | D:1      | Reached XP level 2. HP: 8/15 MP: 3/5
   880 | D:1      | Reached XP level 3. HP: 17/19 MP: 6/6
  1673 | D:2      | Reached skill level 3 in Spellcasting
  1673 | D:2      | Reached XP level 4. HP: 12/24 MP: 8/8
  1678 | D:2      | Learned a level 3 spell: Stone Arrow
  2284 | D:3      | Found a snail-covered altar of Cheibriados.
  2317 | D:3      | Found a shimmering altar of Xom.
  2359 | D:3      | Reached skill level 5 in Earth Magic
  2375 | D:3      | Found a glowing drain.
  2390 | D:3      | Reached skill level 1 in Conjurations
  2404 | Sewer    | Entered a sewer
  2472 | Sewer    | Noticed a big kobold
  2472 | Sewer    | Noticed a big kobold
  2488 | Sewer    | Killed a big kobold
  2488 | Sewer    | Reached XP level 5. HP: 11/28 MP: 2/10
  2497 | Sewer    | HP: 1/28 [big kobold (4)]
  2499 | Sewer    | Killed a big kobold
  2499 | Sewer    | Reached XP level 6. HP: 2/32 MP: 0/11
  3035 | Sewer    | Reached skill level 4 in Spellcasting
  3396 | D:3      | Reached XP level 7. HP: 32/36 MP: 13/13
  3490 | D:3      | Found a burning altar of Makhleb.
  4248 | D:4      | Found a staircase to the Ecumenical Temple.
  4257 | Temple   | Entered the Ecumenical Temple
  4349 | Temple   | Became a worshipper of Sif Muna the Loreminder
  4457 | D:4      | Found a shadowy altar of Dithmenos.
  4995 | D:4      | Got a shimmering quarterstaff
  4996 | D:4      | Identified the +6 quarterstaff "Nomubif" {drain, rC+++ MR-
                  | Int-2 Stlth+} (You found it on level 4 of the Dungeon)
  5031 | D:5      | Entered Level 5 of the Dungeon
  5036 | D:5      | Reached skill level 5 in Spellcasting
  5175 | D:5      | Reached XP level 8. HP: 37/41 MP: 8/15
  5333 | D:5      | Found a white marble altar of Elyvilon.
  5335 | D:5      | Reached skill level 5 in Conjurations
  5859 | D:5      | Learned a level 2 spell: Passwall
  5974 | D:5      | Reached skill level 6 in Spellcasting
  6700 | D:5      | Found a bloodstained altar of Trog.
  6830 | D:6      | Reached skill level 1 in Fighting
  6830 | D:6      | Reached XP level 9. HP: 47/47 MP: 6/19
  6837 | D:6      | Reached skill level 7 in Spellcasting
  6935 | D:6      | Reached * piety under Sif Muna
  7131 | D:6      | Found a basalt altar of Yredelemnul.
  8452 | D:7      | Reached skill level 8 in Spellcasting
  8606 | D:7      | Found a sacrificial altar of Ru.
  8670 | D:8      | Reached skill level 5 in Fighting
  8678 | D:8      | Reached XP level 10. HP: 47/59 MP: 2/22
  8859 | D:7      | Reached ** piety under Sif Muna
  9791 | D:8      | Noticed Pikel
  9908 | D:7      | Killed Pikel
  9908 | D:7      | Reached skill level 5 in Dodging
 10234 | D:8      | Found a radiant altar of Vehumet.
 10300 | D:8      | Found a glowing silver altar of Zin.
 10633 | D:8      | Found a blossoming altar of Fedhas.
 10786 | D:9      | Reached skill level 9 in Spellcasting
 10958 | D:9      | Found a staircase to the Orcish Mines.
 11518 | D:9      | Found a staircase to the Lair.
 11596 | D:9      | Reached XP level 11. HP: 44/67 MP: 9/24
 11731 | D:9      | Found an ornate altar of the Wu Jian Council.
 11736 | D:9      | Found a sparkling altar of Nemelex Xobeh.
 11738 | D:9      | Found a basalt altar of Yredelemnul.
 12293 | D:9      | Learned a level 3 spell: Conjure Flame
 12299 | D:9      | Learned a level 5 spell: Lee's Rapid Deconstruction
 12304 | D:9      | Learned a level 4 spell: Petrify
 12347 | Lair:1   | Entered Level 1 of the Lair of Beasts
 12429 | Lair:1   | Reached *** piety under Sif Muna
 12429 | Lair:1   | Reached skill level 1 in Transmutations
 12618 | Lair:1   | Slain by a killer bee

Illustrated notes

Levels and vault maps discovered:
D:1:      dpeg_arrival_round_c, layout_basic
D:2:      layout_basic, chequers_serial_rivers_marsh, minmay_misc_feat_doors
D:3:      layout_loops_cross, nicolae_overflow_hidden_temple,
          cheibriados_altar_1, xom_butterflies, gup_sewer_entry_glass,
          first_ration
D:4:      layout_cave_pools, kennysheep_mini_moat, minmay_temple_entry_mist,
          kennysheep_small_circle
D:5:      layout_layer_cave, old_standard_altar, lemuel_coloured_pillars_altar,
          hangedman_abyss_or_decor_passed
D:6:      layout_rooms, yredelemnul_altar_generic
D:7:      layout_rooms, nicolae_ru_the_path_less_chosen
D:8:      layout_rooms, old_standard_altar, lemuel_doored_altar,
          grunt_ogre_cave, fedhas_altar_decomposition, uniq_pikel
D:9:      layout_long_grid, overflow_temple_1_default,
          nemelex_xobeh_ov_fountains_minmay, old_standard_altar,
          due_lair_maze_entry_diamond, orc_0_dummy, grunt_decor_arrowhead
Temple:   zaba_magenta_temple
Lair:1:   layout_layer_cave, gammafunk_ghost_hydra_chop, special_room
          [special_room_bee]

Skill      XL: |  1  2  3  4  5  6  7  8  9 10 11 |
---------------+----------------------------------+-----
Earth Magic    | 4 5 6 7 |  7.0
Spellcasting   | 3 4 5 6 8 9 |  9.9
Conjurations   | 1 2 3 4 7 |  7.0
Fighting       | 1 5 7 |  7.0
Dodging        | 4 6 |  6.7
Transmutations | 1 |  1.0
Stealth        | |  2.1

Action                   |  1- 3 |  4- 6 |  7- 9 | 10-12 || total
-------------------------+-------+-------+-------+-------++-------
Melee: Unarmed           |     3 |       |       |       ||     3
       Club              |     2 |       |       |       ||     2
       Short sword       |    42 |       |       |       ||    42
       Trident           |    26 |   139 |    79 |       ||   244
       Quarterstaff      |       |       |   159 |   104 ||   263
Throw: Dart              |       |       |     4 |       ||     4
 Cast: Sandblast         |    13 |    31 |    13 |     8 ||    65
       Stone Arrow       |       |       |    71 |    96 ||   167
  Use: Scroll            |       |       |    15 |     1 ||    16
 Stab: Sleeping          |     3 |     4 |    12 |     4 ||    23
       Distracted        |       |       |     1 |       ||     1
  Eat: Chunk             |     2 |     6 |    18 |    12 ||    38
Armor: Robe              |    24 |    75 |   130 |   119 ||   348
Dodge: Dodged            |    45 |   117 |   148 |   214 ||   524

Table legend:
 A = Non-vault XP
 B = Vault XP
 C = Vault XP percentage of total XP
 D = Non-vault monster count
 E = Vault monster count
 F = Vault count percentage of total count
                 A         B        C        D         E       F
            +---------+---------+-------+---------+---------+-------
      Total |    7891 |    2327 |  22.8 |     194 |      41 |  17.4
            +---------+---------+-------+---------+---------+-------
        D:1 |      35 |       0 |   0.0 |      16 |       0 |   0.0
        D:2 |      59 |       0 |   0.0 |      16 |       0 |   0.0
        D:3 |     208 |      33 |  13.7 |      18 |       5 |  21.7
        D:4 |     327 |      54 |  14.2 |      10 |       1 |   9.1
        D:5 |    1115 |       0 |   0.0 |      22 |       0 |   0.0
        D:6 |    1269 |       0 |   0.0 |      32 |       0 |   0.0
        D:7 |    1359 |     586 |  30.1 |      20 |       1 |   4.8
        D:8 |    1398 |     116 |   7.7 |      34 |       1 |   2.9
        D:9 |    1922 |    1054 |  35.4 |      25 |       8 |  24.2
     Lair:1 |     199 |      63 |  24.0 |       1 |       1 |  50.0
      Sewer |       0 |     421 | 100.0 |       0 |      24 | 100.0
            +---------+---------+-------+---------+---------+-------
